 Dungeon Crawl Stone Soup version 0.26-a0-667-g92642533e4 (webtiles) character file.

Game seed: 6847988746501677802

179 lunkers the Chopper (level 5, -1/37 HPs)
             Began as an Octopode Fighter on Oct 16, 2020.
             Slain by a hound (5 damage)
             ... on level 4 of the Dungeon.
             The game lasted 00:03:30 (2343 turns).

lunkers the Chopper (Octopode Fighter)              Turns: 2343, Time: 00:03:30

Health: -1/37      AC:  1    Str: 16    XL:     5   Next: 59%
Magic:  5/5        EV: 14    Int: 10    God:
Gold:   62         SH:  5    Dex: 12    Spells: 4/4 levels left

rFire    . . .     SeeInvis .   a - +0 war axe
rCold    . . .     Faith    .   l - +0 buckler
rNeg     . . .     Spirit   .   (helmet restricted)
rPois    .         Reflect  .   (no amulet)
rElec    .         Harm     .   (no ring)
rCorr    .         Rampage  .   (no ring)
MR       .....                  (no ring)
Stlth    ++........             (no ring)
HPRegen  0.12/turn              (no ring)
MPRegen  0.09/turn              (no ring)
                                (no ring)
                                (no ring)

@: no status effects
A: almost no armour, stealthy swim, amphibious, 8 rings, constrict 8, camouflage
1, gelatinous body 1
a: no special abilities


You were on level 4 of the Dungeon.
You visited 1 branch of the dungeon, and saw 5 of its levels.

You collected 62 gold pieces.

Inventory:

Hand Weapons
 a - a +0 war axe (weapon)
Missiles
 h - 22 poisoned darts (quivered)
Armour
 b - a +0 kite shield
 l - a +0 buckler (worn)
Scrolls
 c - a scroll of enchant weapon {unknown}
 g - a scroll of immolation {unknown}
 i - a scroll of identify {unknown}
 j - 2 scrolls of teleportation {unknown}
 k - 2 scrolls of magic mapping {unknown}
Potions
 d - a potion of heal wounds {unknown}
 e - a potion of haste {unknown}
 f - a potion of brilliance {unknown}


   Skills:
 + Level 3.9 Fighting
 * Level 4.2 Axes
 - Level 3.0 Dodging
 + Level 3.9 Shields


You had 4 spell levels left.
You didn't know any spells.
Your spell library was empty.

Dungeon Overview and Level Annotations

Branches:
Dungeon (5/15)
 Temple: D:4-7

Altars:
Ashenzari
Elyvilon
Hepliaklqana
Nemelex Xobeh
Zin


Innate Abilities, Weirdness & Mutations

You cannot wear most types of armour.
You are very stealthy in the water. (Stealth+)
You are amphibious.
You can wear up to eight rings at the same time.
You can use your tentacles to constrict eight enemies at once.
Your skin changes colour to match your surroundings (Stealth+).
Your rubbery body absorbs attacks. (AC +1, EV +1)


Message History

* * * LOW HITPOINT WARNING * * *
The orc barely misses you.
The orc priest hits you but does no damage.
There is an escape hatch in the floor here.
There is a stone staircase leading down here.
Okay, then.
You closely miss the orc. You grab the orc. Your squeeze misses the orc.
You constrict the orc. The orc hits you with a +0 flail!
* * * LOW HITPOINT WARNING * * *
The orc hits you with a +0 flail.
* * * LOW HITPOINT WARNING * * *
You hit the orc.
You kill the orc!
The hound misses you.
Unknown command.
Unknown command.
You hit the hound. You grab the hound. You squeeze the hound.
The hound is heavily wounded.
You constrict the hound. The hound bites you.
You die...

.........
......w..
.........
........#
........#
........# #
......†.#####...#
#...oh@...#
##.#o####.....
...... ...
#.##.#.. . !. #.
... ## .. ####
... #..


You could see a hound and 2 orcs.

Vanquished Creatures
  Natasha (D:3)
  Robin (D:2)
  6 adders
  2 oozes
  2 worms
  A dart slug (D:1)
  5 orcs
  2 ball pythons
  3 bats (D:2)
  2 giant cockroaches (D:2)
  13 goblins
  6 hobgoblins
  7 jackals (D:2)
  5 kobolds
  3 frilled lizards
  7 rats
66 creatures vanquished.

Notes
Turn   | Place    | Note
-------+----------+-------------------------------------------
     0 | D:1      | lunkers the Octopode Fighter began the quest for the Orb.
     0 | D:1      | Reached XP level 1. HP: 16/16 MP: 1/1
   285 | D:1      | Reached XP level 2. HP: 21/21 MP: 2/2
   676 | D:2      | Reached XP level 3. HP: 26/26 MP: 3/3
   705 | D:2      | Noticed Robin
   713 | D:2      | Reached skill level 3 in Axes
   717 | D:2      | Killed Robin
  1022 | D:2      | Reached XP level 4. HP: 29/31 MP: 4/4
  1850 | D:2      | Found a white marble altar of Elyvilon.
  1916 | D:2      | Reached XP level 5. HP: 34/37 MP: 5/5
  2167 | D:3      | Found a broken altar of Ashenzari.
  2169 | D:3      | Found a glowing silver altar of Zin.
  2198 | D:3      | Reached skill level 4 in Axes
  2207 | D:3      | Found a hazy altar of Hepliaklqana.
  2209 | D:3      | Found a sparkling altar of Nemelex Xobeh.
  2282 | D:3      | Noticed Natasha
  2284 | D:3      | Killed Natasha
  2319 | D:3      | You fall into a shaft and drop 2 floors!
  2319 | D:5      | Entered Level 5 of the Dungeon
  2320 | D:5      | Noticed a phantom
  2320 | D:5      | Noticed a sky beast
  2343 | D:4      | Slain by a hound

Illustrated notes

Levels and vault maps discovered:
D:1:      saegor_arrival_simple_a, layout_rooms
D:2:      layout_basic, marbit_many_paths, uniq_robin
D:3:      layout_loops_ring, nicolae_overflow_hidden_temple, serial_undead,
          serial_undead_c, serial_undead_e, serial_undead_b, serial_undead_b,
          kennysheep_generic_room_3, uniq_natasha, uniq_crazy_yiuf_cottage
D:4:      layout_rooms, portal_sewer_entry_b
D:5:      layout_basic, grunt_temple_overflow_octagram,
          minmay_temple_entry_sparse_star

Skill      XL: |  1  2  3  4  5 |
---------------+----------------+-----
Axes           | 3 4 |  4.2
Fighting       | |  3.9
Dodging        | |  3.0
Shields        | |  3.9

Action                   |  1- 3 |  4- 6 || total
-------------------------+-------+-------++-------
Melee: War axe           |    32 |    60 ||    92
       Constrict         |     7 |    17 ||    24
       Tentacles         |     4 |    10 ||    14
Throw: Dart              |     9 |     8 ||    17
  Use: Potion            |     1 |       ||     1
 Stab: Sleeping          |     1 |     4 ||     5
Armor: Skin              |     4 |     1 ||     5
Dodge: Dodged            |    37 |    33 ||    70
Block: Kite shield       |    25 |    17 ||    42
       Buckler           |       |     2 ||     2

Table legend: (Time is in decaauts)
 A = Elapsed time spent in this place.
 B = Non-inter-level travel time spent in this place.
 C = Inter-level travel time spent in this place.
 D = Time resting spent in this place.
 E = Time spent auto-exploring this place.
 F = Levels seen in this place.
 G = Mean time per level.
                   A        B        C        D        E       F      G
               +--------+--------+--------+--------+--------+-----+--------+
         Total |   2380 |   2318 |     62 |      0 |   1913 |   5 |  476.0 |
       Dungeon |   2380 |   2318 |     62 |      0 |   1913 |   5 |  476.0 |
               +--------+--------+--------+--------+--------+-----+--------+

Top non-repeatable levels by time:
     D:2: 1472 daAuts
     D:1: 647 daAuts
     D:3: 235 daAuts
     D:5: 13 daAuts
     D:4: 11 daAuts
